High Goats vs Manchots
Created - 9 décembre 2013 at 19:19
Goals
|
| High Goats |
1 |
2 |
0 |
0 |
0 |
3 |
| Manchots |
0 |
1 |
2 |
0 |
1 |
4 |
|
Shots
|
| High Goats |
5 |
15 |
9 |
3 |
3 |
32 |
| Manchots |
5 |
8 |
9 |
0 |
2 |
22 |
|
1st period
1. High Goats , Matt Irwin 4 (Jesse Winchester, Chris Stewart) at 6:36
Penalties :
Matt Taormina (Buc) for Hooking (Minor) at 15:22, Cal Clutterbuck (Out) for Holding (Minor) at 17:55
2nd period
2. Manchots , Petr Sykora 9 (Tyler Ennis, Logan Couture) at 8:01
3. High Goats , Joshua Bailey 5 (Brandon Bollig, Anton Stralman) at 8:50
4. High Goats , Matt Irwin 5 (Matt Frattin, Brandon Bollig) at 15:37
Penalties :
Anton Stralman (Buc) for Cross-checking (Minor) at 0:56, Jamie Benn (Out) for Hooking (Minor) at 8:55
3rd period
5. Manchots , Steven Stamkos 24 (Alexander Radulov) at 10:15
6. Manchots , Ruslan Fedotenko 7 (Martin Hanzal, Pernell Karl Subban) at 15:56
Penalties :
Drayson Bowman (Buc) for Hooking (Minor) at 0:31, Thomas Hickey (Buc) for Diving (Minor) at 4:10, Tyler Ennis (Out) for Holding (Minor) at 10:20, Steven Stamkos (Out) for High sticking (Minor) at 17:26
Overtime #1
No Goal
Penalties :
No Penalty
Shootout
Penalty Shot by Pavel Brendl for High Goats - Stopped by Anders Lindback
Penalty Shot by Steven Stamkos for Manchots - Stopped by Thomas McCollum
Penalty Shot by Chris Stewart for High Goats - Shot Misses the Net
Penalty Shot by Tyler Ennis for Manchots - Goal!
Penalty Shot by Jesse Winchester for High Goats - Stopped by Anders Lindback
Penalties :
No Penalty
Goalie Stats
Thomas McCollum (Buc), 19 saves from 22 shots - (0,864), OTL, 1-6-2, 65:00 minutes
Anders Lindback (Out), 29 saves from 32 shots - (0,906), W, 3-1-0, 65:00 minutes
Players Stats for High Goats
Player Name G A P +/- PIM S H SB GA TA FO MP PP MP PK MP
------------------------------------------------------------------------------------
Anton Stralman 0 1 1 1 2 3 0 0 1 2 0/0 29:27 4:59 2:59
Antti Laaksonen 0 0 0 0 0 6 2 2 1 0 2/2 19:08 4:00 1:17
Arturs Kulda 0 0 0 0 0 2 2 4 0 1 0/0 16:28 0:00 3:46
Brandon Bollig 0 2 2 0 0 0 2 0 0 0 0/0 12:06 0:09 0:00
Brendon Segal 0 0 0 0 0 2 0 1 2 0 0/0 10:05 0:08 2:08
Chris Stewart 0 1 1 0 0 4 0 0 1 0 1/1 22:41 4:00 4:07
Dana Tyrell 0 0 0 0 0 0 1 0 0 0 1/1 7:18 0:00 0:12
Drayson Bowman 0 0 0 0 2 0 0 0 0 0 0/0 16:19 3:48 0:00
Gord Baldwin 0 0 0 0 0 0 0 0 0 1 0/0 11:38 0:00 0:22
Jason Ryznar 0 0 0 0 0 0 0 0 0 0 0/1 7:06 0:00 0:00
Jesse Winchester 0 1 1 0 0 5 2 0 1 0 11/26 24:10 3:59 4:30
Joshua Bailey 1 0 1 0 0 1 1 0 0 0 4/5 12:46 0:00 1:30
Matt Frattin 0 1 1 0 0 1 1 0 0 0 0/0 12:14 0:08 0:00
Matt Irwin 2 0 2 1 0 3 2 0 0 0 0/0 29:07 4:59 4:00
Matt Taormina 0 0 0 -1 2 2 3 0 0 0 0/0 22:45 2:57 3:18
Nick Bonino 0 0 0 0 0 1 3 0 1 0 4/10 19:39 3:48 2:08
Pavel Brendl 0 0 0 0 0 2 2 0 1 0 0/0 17:31 3:48 0:00
Thomas Hickey 0 0 0 -1 2 0 1 1 0 0 0/0 21:32 2:57 1:27
Players Stats for Manchots
Player Name G A P +/- PIM S H SB GA TA FO MP PP MP PK MP
------------------------------------------------------------------------------------
Aaron Ward 0 0 0 0 0 2 7 1 0 2 0/0 25:16 3:07 3:57
Alexander Radulov 0 1 1 0 0 2 3 0 0 0 0/0 16:22 3:29 0:00
Bobby Butler 0 0 0 0 0 0 1 0 0 1 0/1 12:13 0:09 0:00
Bryan Allen 0 0 0 -1 0 2 1 5 0 0 0/0 23:23 4:49 4:33
Cal Clutterbuck 0 0 0 0 2 0 1 0 2 0 0/0 6:17 0:00 0:00
Eric Gryba 0 0 0 -1 0 0 1 3 0 1 0/0 14:55 0:00 3:23
Eric Tangradi 0 0 0 0 0 0 1 0 0 0 0/0 9:04 0:09 0:28
Jamie Benn 0 0 0 0 2 1 1 0 1 0 0/1 19:37 3:29 1:31
Logan Couture 0 1 1 0 0 0 1 0 0 0 10/16 19:59 3:29 1:26
Martin Hanzal 0 1 1 0 0 2 1 0 0 1 0/2 15:17 0:09 1:58
Michael Del Zotto 0 0 0 0 0 0 0 0 0 0 0/0 18:44 3:07 0:00
Pernell Karl Subban 0 1 1 1 0 1 2 2 0 0 0/0 26:19 4:49 0:36
Petr Sykora 1 0 1 0 0 3 0 0 1 1 2/3 20:55 4:18 3:57
Ruslan Fedotenko 1 0 1 0 0 2 0 0 0 1 0/0 13:35 0:00 2:37
Stanislav Neckar 0 0 0 1 0 1 0 1 0 0 0/0 21:23 0:00 3:23
Steven Stamkos 1 0 1 0 2 2 1 0 0 0 7/15 19:06 4:18 0:00
Tyler Ennis 0 1 1 0 2 1 1 1 0 1 1/2 19:19 4:18 0:00
Tyler Kennedy 0 0 0 0 0 3 3 0 0 0 3/6 10:16 0:00 3:55
3 Stars
1 - Matt Irwin (Buc)
2 - Brandon Bollig (Buc)
3 - Joshua Bailey (Buc)
Power Play
High Goats - 0 on 4 Attempt(s) - 0,00%
Manchots - 0 on 4 Attempt(s) - 0,00%
Penalty Kill
High Goats - 4 on 4 Attempt(s) - 100,00%
- Score 0 goal in Penalty Kill
Manchots - 4 on 4 Attempt(s) - 100,00%
- Score 0 goal in Penalty Kill
Official
Referees : Kozari Steve and Kowal Tom
Linesman : Shane Heyer and Vaughan Rody
Game Notes
No Game Note
Finance
Level 1 -- Attendance: 1597 (79,85%) -- Ticket Income 47 910 $
Level 2 -- Attendance: 798 (79,80%) -- Ticket Income 10 374 $
Total Attendance: 2395 (79,83%)
Total Ticket Income: 58 284 $
Other Income: 2 914 $
Total Income: 61 198 $
High Goats
5 vs 5 Forward
Center Left Wing Right Wing Time % Phy DF OF
1 Jesse Winchester Antti Laaksonen Chris Stewart 40 1 2 2
2 Nick Bonino Drayson Bowman Pavel Brendl 30 1 2 2
3 Joshua Bailey Brandon Bollig Matt Frattin 20 1 2 2
4 Dana Tyrell Jason Ryznar Brendon Segal 10 1 2 2
5 vs 5 Defense
Defense Defense Time % Phy DF OF
1 Anton Stralman Matt Irwin 40 1 2 2
2 Matt Taormina Thomas Hickey 30 1 2 2
3 Arturs Kulda Gord Baldwin 20 1 2 2
4 Anton Stralman Matt Irwin 10 1 2 2
PowerPlay Forward
Center Left Wing Right Wing Time % Phy DF OF
1 Jesse Winchester Antti Laaksonen Chris Stewart 60 1 1 3
2 Nick Bonino Drayson Bowman Pavel Brendl 40 1 1 3
PowerPlay Defense
Defense Defense Time % Phy DF OF
1 Anton Stralman Matt Irwin 60 1 2 2
2 Matt Taormina Thomas Hickey 40 1 2 2
Penalty Kill 4 Players Forward
Center Wing Time % Phy DF OF
1 Jesse Winchester Chris Stewart 60 1 2 2
2 Nick Bonino Brendon Segal 40 1 2 2
Penalty Kill 4 Players Defense
Defense Defense Time % Phy DF OF
1 Anton Stralman Matt Irwin 60 1 2 2
2 Matt Taormina Arturs Kulda 40 1 2 2
Penalty Kill - 3 Players Forward
Forward Time % Phy DF OF
1 Pavel Brendl 60 1 2 2
2 Chris Stewart 40 1 2 2
Penalty Kill - 3 Players Defense
Defense Defense Time % Phy DF OF
1 Anton Stralman Matt Irwin 60 1 2 2
2 Matt Taormina Arturs Kulda 40 1 2 2
4 vs 4 Forward
Center Wing Time % Phy DF OF
1 Jesse Winchester Chris Stewart 60 1 2 2
2 Nick Bonino Pavel Brendl 40 1 2 2
4 vs 4 Defense
Defense Defense Time % Phy DF OF
1 Anton Stralman Matt Irwin 60 1 2 2
2 Matt Taormina Thomas Hickey 40 1 2 2
Last Minutes Offensive
Center Left Wing Right Wing Defense Defense
Jesse Winchester Antti Laaksonen Chris Stewart Anton Stralman Matt Irwin
Last Minutes Defensive
Center Left Wing Right Wing Defense Defense
Jesse Winchester Antti Laaksonen Chris Stewart Anton Stralman Matt Irwin
Goaltenders
Starting : Thomas McCollum
Backup : Keith Kinkaid
Extra Forwards
Normal : Brandon Bollig, Matt Frattin, Joshua Bailey - PP : Brandon Bollig, Matt Frattin - PK : Joshua Bailey
Extra Defensemen
Normal : Arturs Kulda, Thomas Hickey, Matt Taormina - PP : Arturs Kulda - PK : Thomas Hickey, Matt Taormina
Penalty Shots
Pavel Brendl, Chris Stewart, Jesse Winchester, Brendon Segal, Jason Ryznar
Manchots
5 vs 5 Forward
Center Left Wing Right Wing Time % Phy DF OF
1 Steven Stamkos Jamie Benn Alexander Radulov 40 1 2 2
2 Logan Couture Tyler Ennis Petr Sykora 38 1 2 2
3 Martin Hanzal Ruslan Fedotenko Bobby Butler 21 1 2 2
4 Tyler Kennedy Eric Tangradi Cal Clutterbuck 1 1 2 2
5 vs 5 Defense
Defense Defense Time % Phy DF OF
1 Pernell Karl Subban Stanislav Neckar 40 1 2 2
2 Aaron Ward Michael Del Zotto 29 1 2 2
3 Bryan Allen Eric Gryba 18 1 2 2
4 Pernell Karl Subban Aaron Ward 13 1 2 2
PowerPlay Forward
Center Left Wing Right Wing Time % Phy DF OF
1 Steven Stamkos Tyler Ennis Petr Sykora 60 1 1 3
2 Logan Couture Jamie Benn Alexander Radulov 40 1 1 3
PowerPlay Defense
Defense Defense Time % Phy DF OF
1 Bryan Allen Pernell Karl Subban 60 1 1 3
2 Michael Del Zotto Aaron Ward 40 1 1 3
Penalty Kill 4 Players Forward
Center Wing Time % Phy DF OF
1 Tyler Kennedy Petr Sykora 60 1 3 1
2 Martin Hanzal Ruslan Fedotenko 40 1 3 1
Penalty Kill 4 Players Defense
Defense Defense Time % Phy DF OF
1 Bryan Allen Aaron Ward 60 1 3 1
2 Stanislav Neckar Eric Gryba 40 1 3 1
Penalty Kill - 3 Players Forward
Forward Time % Phy DF OF
1 Ruslan Fedotenko 60 1 3 1
2 Martin Hanzal 40 1 3 1
Penalty Kill - 3 Players Defense
Defense Defense Time % Phy DF OF
1 Aaron Ward Bryan Allen 60 1 3 1
2 Eric Gryba Stanislav Neckar 40 1 3 1
4 vs 4 Forward
Center Wing Time % Phy DF OF
1 Steven Stamkos Tyler Ennis 60 1 1 3
2 Logan Couture Alexander Radulov 40 1 1 3
4 vs 4 Defense
Defense Defense Time % Phy DF OF
1 Pernell Karl Subban Bryan Allen 60 1 1 3
2 Michael Del Zotto Aaron Ward 40 1 1 3
Last Minutes Offensive
Center Left Wing Right Wing Defense Defense
Steven Stamkos Tyler Ennis Alexander Radulov Michael Del Zotto Pernell Karl Subban
Last Minutes Defensive
Center Left Wing Right Wing Defense Defense
Tyler Kennedy Ruslan Fedotenko Petr Sykora Aaron Ward Stanislav Neckar
Goaltenders
Starting : Anders Lindback
Backup : Sebastien Caron
Extra Forwards
Normal : Logan Couture, Steven Stamkos, Tyler Ennis - PP : Martin Hanzal, Steven Stamkos - PK : Ruslan Fedotenko
Extra Defensemen
Normal : Stanislav Neckar, Pernell Karl Subban, Aaron Ward - PP : Michael Del Zotto - PK : Stanislav Neckar, Aaron Ward
Penalty Shots
Steven Stamkos, Tyler Ennis, Ruslan Fedotenko, Alexander Radulov, Martin Hanzal
% Time on Ice - High Goats
Lines # - Real PCT - Wanted PCT - Time Play
Normal Forward
1 - 33% - 40% - 14:21
2 - 28% - 30% - 12:29
3 - 23% - 20% - 10:12
4 - 16% - 10% - 7:06
Normal Defense
1 - 41% - 40% - 17:59
2 - 34% - 30% - 14:51
3 - 24% - 20% - 10:38
4 - 2% - 10% - 0:40
PP Forward
1 - 52% - 60% - 4:08
2 - 48% - 40% - 3:48
PP Defense
1 - 63% - 60% - 4:59
2 - 37% - 40% - 2:57
PK Forward
1 - 73% - 60% - 5:48
2 - 27% - 40% - 2:08
PK Defense
1 - 53% - 60% - 4:10
2 - 47% - 40% - 3:46
PK3 Forward
1 - 0% - 60%
2 - 0% - 40%
PK3 Defense
1 - 0% - 60%
2 - 0% - 40%
44 Forward
1 - 75% - 60% - 3:46
2 - 25% - 40% - 1:14
44 Defense
1 - 61% - 60% - 3:04
2 - 39% - 40% - 1:56
Last Minute Offensive - 0:00
Last Minute Defensive - 0:00
Total
Forward - 65:00
Defense - 65:00
|
% Time on Ice - Manchots
Lines # - Real PCT - Wanted PCT - Time Play
Normal Forward
1 - 32% - 40% - 14:14
2 - 29% - 38% - 12:50
3 - 25% - 21% - 10:51
4 - 14% - 1% - 6:13
Normal Defense
1 - 38% - 40% - 16:45
2 - 34% - 29% - 14:56
3 - 23% - 18% - 10:05
4 - 5% - 13% - 2:22
PP Forward
1 - 56% - 60% - 4:27
2 - 44% - 40% - 3:29
PP Defense
1 - 61% - 60% - 4:49
2 - 39% - 40% - 3:07
PK Forward
1 - 75% - 60% - 5:58
2 - 25% - 40% - 1:58
PK Defense
1 - 57% - 60% - 4:33
2 - 43% - 40% - 3:23
PK3 Forward
1 - 0% - 60%
2 - 0% - 40%
PK3 Defense
1 - 0% - 60%
2 - 0% - 40%
44 Forward
1 - 92% - 60% - 4:35
2 - 8% - 40% - 0:25
44 Defense
1 - 60% - 60% - 2:59
2 - 40% - 40% - 2:01
Last Minute Offensive - 0:00
Last Minute Defensive - 0:00
Total
Forward - 65:00
Defense - 65:00
|
Play by Play
1st period
0:01 of 1st period - Antti Laaksonen wins face-off versus Steven Stamkos in neutral zone.
0:16 of 1st period - Wrist shot by Steven Stamkos.
0:16 of 1st period - Stopped by Thomas McCollum with a rebound.
0:48 of 1st period - Wrist shot by Petr Sykora.
0:48 of 1st period - Shot Misses the Net.
1:15 of 1st period - Off-side.
1:16 of 1st period - Tyler Kennedy wins face-off versus Jesse Winchester in neutral zone.
1:25 of 1st period - Wrist shot by Tyler Kennedy.
1:25 of 1st period - Shot Misses the Net.
1:31 of 1st period - Snap shot by Chris Stewart.
1:31 of 1st period - Stopped by Anders Lindback without a rebound.
1:32 of 1st period - Dana Tyrell wins face-off versus Logan Couture in Manchots zone.
1:47 of 1st period - Snap shot by Brendon Segal.
1:47 of 1st period - Shot Misses the Net.
1:57 of 1st period - Anton Stralman is hit by Alexander Radulov and loses puck.
2:18 of 1st period - Wrist shot by Ruslan Fedotenko.
2:18 of 1st period - Shot Misses the Net.
2:22 of 1st period - Wrist shot by Ruslan Fedotenko.
2:22 of 1st period - Stopped by Thomas McCollum with a rebound.
2:24 of 1st period - Wrist shot by Bobby Butler.
2:24 of 1st period - Shot Blocked by Arturs Kulda.
2:26 of 1st period - Slapshot by Aaron Ward.
2:26 of 1st period - Stopped by Thomas McCollum with a rebound.
2:53 of 1st period - Off-side.
2:54 of 1st period - Logan Couture wins face-off versus Jason Ryznar in neutral zone.
4:07 of 1st period - Wrist shot by Matt Frattin.
4:07 of 1st period - Shot Misses the Net.
4:09 of 1st period - Snap shot by Matt Taormina.
4:09 of 1st period - Shot Blocked by Tyler Ennis.
4:29 of 1st period - Slapshot by Jason Ryznar.
4:29 of 1st period - Shot Blocked by Bryan Allen.
4:35 of 1st period - Wrist shot by Cal Clutterbuck.
4:35 of 1st period - Shot Blocked by Arturs Kulda.
4:37 of 1st period - Slapshot by Tyler Kennedy.
4:37 of 1st period - Stopped by Thomas McCollum with a rebound.
5:30 of 1st period - Petr Sykora is hit by Matt Irwin and loses puck.
5:53 of 1st period - Jamie Benn is hit by Dana Tyrell and loses puck.
6:30 of 1st period - Slapshot by Matt Irwin.
6:30 of 1st period - Shot Blocked by Bryan Allen.
6:32 of 1st period - Wrist shot by Jesse Winchester.
6:32 of 1st period - Shot Misses the Net.
6:34 of 1st period - Wrist shot by Jesse Winchester.
6:34 of 1st period - Shot Misses the Net.
6:36 of 1st period - Slapshot by Matt Irwin.
6:36 of 1st period - Goal by Matt Irwin - High Goats : 1 - Manchots : 0.
6:37 of 1st period - Jesse Winchester wins face-off versus Logan Couture in neutral zone.
7:14 of 1st period - Snap shot by Bobby Butler.
7:14 of 1st period - Deflect By Martin Hanzal.
7:14 of 1st period - Stopped by Thomas McCollum with a rebound.
8:03 of 1st period - Wrist shot by Martin Hanzal.
8:03 of 1st period - Shot Blocked by Thomas Hickey.
8:05 of 1st period - Snap shot by Ruslan Fedotenko.
8:05 of 1st period - Deflect By Martin Hanzal.
8:05 of 1st period - Shot Misses the Net.
8:05 of 1st period - Puck is out of play.
8:06 of 1st period - Jesse Winchester wins face-off versus Steven Stamkos in High Goats zone.
8:31 of 1st period - Matt Frattin is hit by Aaron Ward and loses puck.
8:40 of 1st period - Slapshot by Matt Irwin.
8:40 of 1st period - Stopped by Anders Lindback with a rebound.
9:30 of 1st period - Tyler Ennis is hit by Brandon Bollig and loses puck.
9:47 of 1st period - Wrist shot by Tyler Kennedy.
9:47 of 1st period - Shot Misses the Net.
9:49 of 1st period - Slapshot by Eric Gryba.
9:49 of 1st period - Shot Blocked by Brendon Segal.
10:24 of 1st period - Steven Stamkos is hit by Arturs Kulda.
10:38 of 1st period - Pavel Brendl is hit by Aaron Ward and loses puck.
11:16 of 1st period - Slapshot by Brendon Segal.
11:16 of 1st period - Stopped by Anders Lindback with a rebound.
12:07 of 1st period - Aaron Ward is hit by Pavel Brendl and loses puck.
12:14 of 1st period - Martin Hanzal is hit by Pavel Brendl and loses puck.
12:37 of 1st period - Pavel Brendl is hit by Alexander Radulov.
12:41 of 1st period - Stanislav Neckar is hit by Matt Taormina and loses puck.
13:00 of 1st period - Wrist shot by Jesse Winchester.
13:00 of 1st period - Stopped by Anders Lindback without a rebound.
13:01 of 1st period - Logan Couture wins face-off versus Jesse Winchester in Manchots zone.
13:06 of 1st period - Snap shot by Tyler Ennis.
13:06 of 1st period - Shot Misses the Net.
13:33 of 1st period - Snap shot by Alexander Radulov.
13:33 of 1st period - Shot Misses the Net.
14:39 of 1st period - Wrist shot by Tyler Kennedy.
14:39 of 1st period - Shot Misses the Net.
15:15 of 1st period - Wrist shot by Brendon Segal.
15:15 of 1st period - Shot Misses the Net.
15:17 of 1st period - Slapshot by Matt Irwin.
15:17 of 1st period - Deflect By Jason Ryznar.
15:17 of 1st period - Shot Misses the Net.
15:17 of 1st period - Puck is out of play.
15:18 of 1st period - Jesse Winchester wins face-off versus Logan Couture in Manchots zone.
15:22 of 1st period - Minor Penalty to Matt Taormina for Hooking.
15:23 of 1st period - Steven Stamkos wins face-off versus Jesse Winchester in High Goats zone.
15:38 of 1st period - Snap shot by Matt Irwin.
15:38 of 1st period - Shot Blocked by Bryan Allen.
16:26 of 1st period - Antti Laaksonen is hit by Alexander Radulov and loses puck.
17:22 of 1st period - Penalty to Matt Taormina is over, Matt Taormina is back on ice.
17:55 of 1st period - Minor Penalty to Cal Clutterbuck for Holding.
17:56 of 1st period - Jesse Winchester wins face-off versus Tyler Kennedy in Manchots zone.
19:22 of 1st period - Chris Stewart is hit by Jamie Benn and loses puck.
19:35 of 1st period - Drayson Bowman is hit by Tyler Kennedy and loses puck.
19:55 of 1st period - Penalty to Cal Clutterbuck is over, Cal Clutterbuck is back on ice.
19:58 of 1st period - Snap shot by Cal Clutterbuck.
19:58 of 1st period - Shot Hit the Post.
2nd period
0:01 of 2nd period - Steven Stamkos wins face-off versus Jesse Winchester in neutral zone.
0:26 of 2nd period - Pernell Karl Subban is hit by Nick Bonino and loses puck.
0:56 of 2nd period - Minor Penalty to Anton Stralman for Cross-checking.
0:57 of 2nd period - Jesse Winchester wins face-off versus Steven Stamkos in High Goats zone.
1:34 of 2nd period - Wrist shot by Brendon Segal.
1:34 of 2nd period - Stopped by Anders Lindback with a rebound.
1:36 of 2nd period - Snap shot by Arturs Kulda.
1:36 of 2nd period - Shot Misses the Net.
1:38 of 2nd period - Snap shot by Matt Taormina.
1:38 of 2nd period - Stopped by Anders Lindback with a rebound.
1:40 of 2nd period - Snap shot by Brendon Segal.
1:40 of 2nd period - Shot Misses the Net.
1:50 of 2nd period - Wrist shot by Alexander Radulov.
1:50 of 2nd period - Stopped by Thomas McCollum without a rebound.
1:51 of 2nd period - Steven Stamkos wins face-off versus Jesse Winchester in High Goats zone.
2:49 of 2nd period - Slapshot by Brendon Segal.
2:49 of 2nd period - Shot Blocked by Pernell Karl Subban.
2:56 of 2nd period - Penalty to Anton Stralman is over, Anton Stralman is back on ice.
3:05 of 2nd period - Snap shot by Pavel Brendl.
3:05 of 2nd period - Shot Misses the Net.
3:07 of 2nd period - Slapshot by Arturs Kulda.
3:07 of 2nd period - Stopped by Anders Lindback with a rebound.
3:33 of 2nd period - Snap shot by Martin Hanzal.
3:33 of 2nd period - Shot Blocked by Arturs Kulda.
3:54 of 2nd period - Snap shot by Aaron Ward.
3:54 of 2nd period - Stopped by Thomas McCollum with a rebound.
4:00 of 2nd period - Snap shot by Tyler Kennedy.
4:00 of 2nd period - Stopped by Thomas McCollum with a rebound.
4:02 of 2nd period - Wrist shot by Tyler Kennedy.
4:02 of 2nd period - Stopped by Thomas McCollum with a rebound.
4:27 of 2nd period - Snap shot by Jesse Winchester.
4:27 of 2nd period - Stopped by Anders Lindback with a rebound.
4:45 of 2nd period - Slapshot by Matt Taormina.
4:45 of 2nd period - Stopped by Anders Lindback without a rebound.
4:46 of 2nd period - Joshua Bailey wins face-off versus Tyler Ennis in Manchots zone.
4:53 of 2nd period - Anton Stralman is hit by Tyler Ennis.
5:34 of 2nd period - Icing by Antti Laaksonen.
5:35 of 2nd period - Nick Bonino wins face-off versus Martin Hanzal in High Goats zone.
5:48 of 2nd period - Snap shot by Pavel Brendl.
5:48 of 2nd period - Shot Misses the Net.
6:03 of 2nd period - Joshua Bailey is hit by Bryan Allen and loses puck.
6:59 of 2nd period - Drayson Bowman is hit by Pernell Karl Subban and loses puck.
7:23 of 2nd period - Stanislav Neckar is hit by Jesse Winchester and loses puck.
7:30 of 2nd period - Slapshot by Jesse Winchester.
7:30 of 2nd period - Stopped by Anders Lindback with a rebound.
7:47 of 2nd period - Off-side.
7:48 of 2nd period - Joshua Bailey wins face-off versus Logan Couture in neutral zone.
8:01 of 2nd period - Slapshot by Petr Sykora.
8:01 of 2nd period - Goal by Petr Sykora - High Goats : 1 - Manchots : 1.
8:02 of 2nd period - Jesse Winchester wins face-off versus Steven Stamkos in neutral zone.
8:46 of 2nd period - Snap shot by Anton Stralman.
8:46 of 2nd period - Stopped by Anders Lindback with a rebound.
8:48 of 2nd period - Snap shot by Brandon Bollig.
8:48 of 2nd period - Shot Misses the Net.
8:50 of 2nd period - Wrist shot by Joshua Bailey.
8:50 of 2nd period - Goal by Joshua Bailey - High Goats : 2 - Manchots : 1.
8:51 of 2nd period - Antti Laaksonen wins face-off versus Steven Stamkos in neutral zone.
8:55 of 2nd period - Minor Penalty to Jamie Benn for Hooking.
8:56 of 2nd period - Jesse Winchester wins face-off versus Petr Sykora in Manchots zone.
9:15 of 2nd period - Matt Irwin is hit by Tyler Kennedy and loses puck.
10:26 of 2nd period - Antti Laaksonen is hit by Aaron Ward and loses puck.
10:55 of 2nd period - Penalty to Jamie Benn is over, Jamie Benn is back on ice.
11:13 of 2nd period - Slapshot by Jamie Benn.
11:13 of 2nd period - Stopped by Thomas McCollum with a rebound.
14:20 of 2nd period - Thomas Hickey is hit by Logan Couture and loses puck.
14:37 of 2nd period - Wrist shot by Jesse Winchester.
14:37 of 2nd period - Deflect By Antti Laaksonen.
14:37 of 2nd period - Stopped by Anders Lindback with a rebound.
14:39 of 2nd period - Snap shot by Antti Laaksonen.
14:39 of 2nd period - Deflect By Jesse Winchester.
14:39 of 2nd period - Stopped by Anders Lindback without a rebound.
14:40 of 2nd period - Nick Bonino wins face-off versus Bobby Butler in Manchots zone.
14:41 of 2nd period - Snap shot by Pavel Brendl.
14:41 of 2nd period - Stopped by Anders Lindback with a rebound.
14:52 of 2nd period - Nick Bonino is hit by Eric Gryba and loses puck.
15:14 of 2nd period - Chris Stewart is hit by Steven Stamkos and loses puck.
15:31 of 2nd period - Wrist shot by Matt Frattin.
15:31 of 2nd period - Shot Blocked by Eric Gryba.
15:37 of 2nd period - Slapshot by Matt Irwin.
15:37 of 2nd period - Goal by Matt Irwin - High Goats : 3 - Manchots : 1.
15:38 of 2nd period - Logan Couture wins face-off versus Jesse Winchester in neutral zone.
15:54 of 2nd period - Slapshot by Anton Stralman.
15:54 of 2nd period - Shot Misses the Net.
16:30 of 2nd period - Slapshot by Martin Hanzal.
16:30 of 2nd period - Stopped by Thomas McCollum with a rebound.
16:50 of 2nd period - Wrist shot by Stanislav Neckar.
16:50 of 2nd period - Stopped by Thomas McCollum without a rebound.
16:51 of 2nd period - Tyler Kennedy wins face-off versus Jesse Winchester in High Goats zone.
17:21 of 2nd period - Tyler Kennedy is hit by Jesse Winchester and loses puck.
17:30 of 2nd period - Wrist shot by Jesse Winchester.
17:30 of 2nd period - Deflect By Chris Stewart.
17:30 of 2nd period - Stopped by Anders Lindback with a rebound.
17:38 of 2nd period - Snap shot by Antti Laaksonen.
17:38 of 2nd period - Stopped by Anders Lindback without a rebound.
17:39 of 2nd period - Nick Bonino wins face-off versus Logan Couture in Manchots zone.
18:04 of 2nd period - Thomas Hickey is hit by Aaron Ward and loses puck.
19:07 of 2nd period - Stanislav Neckar is hit by Matt Taormina and loses puck.
19:33 of 2nd period - Snap shot by Antti Laaksonen.
19:33 of 2nd period - Stopped by Anders Lindback with a rebound.
19:49 of 2nd period - Off-side.
19:50 of 2nd period - Jesse Winchester wins face-off versus Logan Couture in neutral zone.
19:59 of 2nd period - Slapshot by Petr Sykora.
19:59 of 2nd period - Shot Blocked by Arturs Kulda.
3rd period
0:01 of 3rd period - Steven Stamkos wins face-off versus Jesse Winchester in neutral zone.
0:04 of 3rd period - Wrist shot by Pernell Karl Subban.
0:04 of 3rd period - Shot Misses the Net.
0:06 of 3rd period - Slapshot by Stanislav Neckar.
0:06 of 3rd period - Shot Misses the Net.
0:12 of 3rd period - Slapshot by Alexander Radulov.
0:12 of 3rd period - Shot Misses the Net.
0:14 of 3rd period - Wrist shot by Alexander Radulov.
0:14 of 3rd period - Stopped by Thomas McCollum without a rebound.
0:15 of 3rd period - Logan Couture wins face-off versus Nick Bonino in High Goats zone.
0:22 of 3rd period - Slapshot by Tyler Ennis.
0:22 of 3rd period - Stopped by Thomas McCollum without a rebound.
0:23 of 3rd period - Logan Couture wins face-off versus Nick Bonino in High Goats zone.
0:31 of 3rd period - Minor Penalty to Drayson Bowman for Hooking.
0:32 of 3rd period - Jesse Winchester wins face-off versus Steven Stamkos in High Goats zone.
2:03 of 3rd period - Wrist shot by Antti Laaksonen.
2:03 of 3rd period - Stopped by Anders Lindback without a rebound.
2:04 of 3rd period - Logan Couture wins face-off versus Jesse Winchester in Manchots zone.
2:31 of 3rd period - Penalty to Drayson Bowman is over, Drayson Bowman is back on ice.
3:01 of 3rd period - Cal Clutterbuck is hit by Thomas Hickey and loses puck.
3:19 of 3rd period - Snap shot by Arturs Kulda.
3:19 of 3rd period - Shot Blocked by Eric Gryba.
3:21 of 3rd period - Slapshot by Arturs Kulda.
3:21 of 3rd period - Shot Misses the Net.
3:23 of 3rd period - Snap shot by Brendon Segal.
3:23 of 3rd period - Shot Blocked by Bryan Allen.
3:25 of 3rd period - Slapshot by Brendon Segal.
3:25 of 3rd period - Shot Misses the Net.
3:27 of 3rd period - Snap shot by Jason Ryznar.
3:27 of 3rd period - Shot Blocked by Eric Gryba.
3:29 of 3rd period - Slapshot by Anton Stralman.
3:29 of 3rd period - Stopped by Anders Lindback without a rebound.
3:30 of 3rd period - Logan Couture wins face-off versus Joshua Bailey in Manchots zone.
3:55 of 3rd period - Snap shot by Chris Stewart.
3:55 of 3rd period - Stopped by Anders Lindback with a rebound.
4:10 of 3rd period - Minor Penalty to Thomas Hickey for Diving.
4:11 of 3rd period - Jesse Winchester wins face-off versus Steven Stamkos in High Goats zone.
6:07 of 3rd period - Antti Laaksonen is hit by Bobby Butler and loses puck.
6:10 of 3rd period - Penalty to Thomas Hickey is over, Thomas Hickey is back on ice.
6:24 of 3rd period - Wrist shot by Antti Laaksonen.
6:24 of 3rd period - Stopped by Anders Lindback with a rebound.
6:26 of 3rd period - Slapshot by Arturs Kulda.
6:26 of 3rd period - Stopped by Anders Lindback with a rebound.
6:36 of 3rd period - Antti Laaksonen is hit by Eric Tangradi and loses puck.
7:03 of 3rd period - Eric Gryba is hit by Antti Laaksonen and loses puck.
7:10 of 3rd period - Slapshot by Antti Laaksonen.
7:10 of 3rd period - Shot Misses the Net.
7:20 of 3rd period - Slapshot by Antti Laaksonen.
7:20 of 3rd period - Shot Misses the Net.
7:22 of 3rd period - Slapshot by Jesse Winchester.
7:22 of 3rd period - Deflect By Bryan Allen.
7:22 of 3rd period - Stopped by Anders Lindback without a rebound.
7:23 of 3rd period - Logan Couture wins face-off versus Nick Bonino in Manchots zone.
7:29 of 3rd period - Off-side.
7:30 of 3rd period - Logan Couture wins face-off versus Nick Bonino in neutral zone.
7:39 of 3rd period - Snap shot by Petr Sykora.
7:39 of 3rd period - Stopped by Thomas McCollum without a rebound.
7:40 of 3rd period - Petr Sykora wins face-off versus Nick Bonino in High Goats zone.
7:49 of 3rd period - Snap shot by Tyler Ennis.
7:49 of 3rd period - Deflect By Petr Sykora.
7:49 of 3rd period - Shot Misses the Net.
7:49 of 3rd period - Puck is out of play.
7:50 of 3rd period - Logan Couture wins face-off versus Nick Bonino in High Goats zone.
8:01 of 3rd period - Slapshot by Matt Irwin.
8:01 of 3rd period - Shot Blocked by Pernell Karl Subban.
8:35 of 3rd period - Wrist shot by Anton Stralman.
8:35 of 3rd period - Deflect By Pavel Brendl.
8:35 of 3rd period - Stopped by Anders Lindback without a rebound.
8:36 of 3rd period - Joshua Bailey wins face-off versus Jamie Benn in Manchots zone.
9:01 of 3rd period - Joshua Bailey is hit by Cal Clutterbuck and loses puck.
9:08 of 3rd period - Slapshot by Gord Baldwin.
9:08 of 3rd period - Shot Misses the Net.
10:07 of 3rd period - Snap shot by Petr Sykora.
10:07 of 3rd period - Stopped by Thomas McCollum without a rebound.
10:08 of 3rd period - Steven Stamkos wins face-off versus Jesse Winchester in High Goats zone.
10:11 of 3rd period - Wrist shot by Steven Stamkos.
10:11 of 3rd period - Shot Misses the Net.
10:13 of 3rd period - Snap shot by Alexander Radulov.
10:13 of 3rd period - Shot Misses the Net.
10:15 of 3rd period - Slapshot by Steven Stamkos.
10:15 of 3rd period - Goal by Steven Stamkos - High Goats : 3 - Manchots : 2.
10:16 of 3rd period - Petr Sykora wins face-off versus Jesse Winchester in neutral zone.
10:20 of 3rd period - Minor Penalty to Tyler Ennis for Holding.
10:21 of 3rd period - Chris Stewart wins face-off versus Tyler Kennedy in Manchots zone.
10:46 of 3rd period - Bryan Allen is hit by Nick Bonino and loses puck.
10:51 of 3rd period - Snap shot by Pavel Brendl.
10:51 of 3rd period - Shot Misses the Net.
11:21 of 3rd period - Petr Sykora is hit by Antti Laaksonen and loses puck.
11:42 of 3rd period - Matt Irwin is hit by Aaron Ward and loses puck.
12:20 of 3rd period - Penalty to Tyler Ennis is over, Tyler Ennis is back on ice.
12:49 of 3rd period - Dana Tyrell is hit by Aaron Ward.
13:13 of 3rd period - Matt Taormina is hit by Tyler Kennedy.
13:56 of 3rd period - Chris Stewart is hit by Martin Hanzal and loses puck.
14:21 of 3rd period - Eric Gryba is hit by Arturs Kulda and loses puck.
14:50 of 3rd period - Aaron Ward is hit by Joshua Bailey and loses puck.
15:52 of 3rd period - Slapshot by Pernell Karl Subban.
15:52 of 3rd period - Deflect By Anton Stralman.
15:52 of 3rd period - Stopped by Thomas McCollum with a rebound.
15:54 of 3rd period - Snap shot by Martin Hanzal.
15:54 of 3rd period - Shot Misses the Net.
15:56 of 3rd period - Wrist shot by Ruslan Fedotenko.
15:56 of 3rd period - Goal by Ruslan Fedotenko - High Goats : 3 - Manchots : 3.
15:57 of 3rd period - Joshua Bailey wins face-off versus Martin Hanzal in neutral zone.
16:27 of 3rd period - Joshua Bailey is hit by Aaron Ward and loses puck.
16:48 of 3rd period - Icing by Steven Stamkos.
16:49 of 3rd period - Steven Stamkos wins face-off versus Jesse Winchester in Manchots zone.
16:58 of 3rd period - Wrist shot by Alexander Radulov.
16:58 of 3rd period - Shot Blocked by Antti Laaksonen.
17:16 of 3rd period - Bryan Allen is hit by Matt Irwin and loses puck.
17:21 of 3rd period - Wrist shot by Antti Laaksonen.
17:21 of 3rd period - Shot Misses the Net.
17:25 of 3rd period - Snap shot by Antti Laaksonen.
17:25 of 3rd period - Stopped by Anders Lindback with a rebound.
17:26 of 3rd period - Minor Penalty to Steven Stamkos for High sticking.
17:27 of 3rd period - Nick Bonino wins face-off versus Tyler Kennedy in Manchots zone.
17:32 of 3rd period - Slapshot by Anton Stralman.
17:32 of 3rd period - Shot Blocked by Aaron Ward.
17:34 of 3rd period - Snap shot by Drayson Bowman.
17:34 of 3rd period - Shot Misses the Net.
17:36 of 3rd period - Snap shot by Nick Bonino.
17:36 of 3rd period - Stopped by Anders Lindback with a rebound.
17:38 of 3rd period - Snap shot by Nick Bonino.
17:38 of 3rd period - Deflect By Drayson Bowman.
17:38 of 3rd period - Shot Blocked by Bryan Allen.
17:38 of 3rd period - Puck is out of play.
17:39 of 3rd period - Tyler Kennedy wins face-off versus Jesse Winchester in Manchots zone.
17:52 of 3rd period - Slapshot by Bryan Allen.
17:52 of 3rd period - Stopped by Thomas McCollum with a rebound.
17:54 of 3rd period - Slapshot by Bryan Allen.
17:54 of 3rd period - Stopped by Thomas McCollum with a rebound.
18:13 of 3rd period - Slapshot by Anton Stralman.
18:13 of 3rd period - Shot Misses the Net.
18:15 of 3rd period - Snap shot by Drayson Bowman.
18:15 of 3rd period - Shot Misses the Net.
19:26 of 3rd period - Penalty to Steven Stamkos is over, Steven Stamkos is back on ice.
Overtime #1
0:01 of 1st overtime period - Jesse Winchester wins face-off versus Steven Stamkos in neutral zone.
0:06 of 1st overtime period - Slapshot by Chris Stewart.
0:06 of 1st overtime period - Stopped by Anders Lindback without a rebound.
0:07 of 1st overtime period - Steven Stamkos wins face-off versus Jesse Winchester in Manchots zone.
0:58 of 1st overtime period - Wrist shot by Anton Stralman.
0:58 of 1st overtime period - Stopped by Anders Lindback with a rebound.
1:14 of 1st overtime period - Steven Stamkos is hit by Matt Frattin and loses puck.
1:21 of 1st overtime period - Slapshot by Matt Frattin.
1:21 of 1st overtime period - Stopped by Anders Lindback without a rebound.
1:22 of 1st overtime period - Tyler Ennis wins face-off versus Jesse Winchester in Manchots zone.
2:44 of 1st overtime period - Matt Irwin is hit by Pernell Karl Subban and loses puck.
2:49 of 1st overtime period - Snap shot by Martin Hanzal.
2:49 of 1st overtime period - Shot Blocked by Antti Laaksonen.
3:09 of 1st overtime period - Martin Hanzal is hit by Matt Taormina and loses puck.
3:54 of 1st overtime period - Stanislav Neckar is hit by Nick Bonino and loses puck.
4:07 of 1st overtime period - Snap shot by Nick Bonino.
4:07 of 1st overtime period - Shot Blocked by Stanislav Neckar.
4:24 of 1st overtime period - Michael Del Zotto is hit by Brandon Bollig and loses puck.
ShootOut
5:00 of 1st overtime period - Penalty Shot by Pavel Brendl for High Goats.
5:00 of 1st overtime period - Deke by Pavel Brendl.
5:00 of 1st overtime period - Stopped by Anders Lindback.
5:00 of 1st overtime period - Penalty Shot by Steven Stamkos for Manchots.
5:00 of 1st overtime period - Backhand shot by Steven Stamkos.
5:00 of 1st overtime period - Stopped by Thomas McCollum.
5:00 of 1st overtime period - Penalty Shot by Chris Stewart for High Goats.
5:00 of 1st overtime period - Snap shot by Chris Stewart.
5:00 of 1st overtime period - Shot Misses the Net.
5:00 of 1st overtime period - Penalty Shot by Tyler Ennis for Manchots.
5:00 of 1st overtime period - Snap shot by Tyler Ennis.
5:00 of 1st overtime period - Goal by Tyler Ennis.
5:00 of 1st overtime period - Penalty Shot by Jesse Winchester for High Goats.
5:00 of 1st overtime period - Snap shot by Jesse Winchester.
5:00 of 1st overtime period - Stopped by Anders Lindback.
Output by the SimonT Hockey Simulator (STHS) for François Prévost -- Original Page W3C XHTML 1.0 Valid